 Dungeon Crawl Stone Soup version bcrawl-1.27.3 (webtiles) character file.

Game seed: 5291588738179127280

88632 MisterOstroum the Gusty (level 2, 0/19 HPs)
             Began as a Demonspawn Air Elementalist on Oct 12, 2020.
             Slain by a leopard gecko (2 damage)
             ... on level 1 of the Dungeon.
             The game lasted 00:01:26 (606 turns).

MisterOstroum the Gusty (DsAE)                       Turns: 606, Time: 00:01:27

Health: 0/19       AC:  2    Str:  8    XL:     2   Next: 20%
Magic:  1/5        EV: 12    Int: 16    God:
Gold:   72         SH:  0    Dex: 13    Spells: 4/5 levels left

rFire    + . .     SeeInvis .   i - +0 dagger
rCold    . . .     Gourm    .   (no shield)
rNeg     . . .     Faith    .   a - +0 robe
rPois    .         Spirit   .   (no helmet)
rElec    .         Reflect  .   (no cloak)
rCorr    .         Harm     .   (no gloves)
MR       .....                  (no boots)
Stlth    ++........             (no amulet)
HPRegen  0.06/turn              (no ring)
MPRegen  0.09/turn              (no ring)

@: very slightly contaminated
A: fire resistance 1
a: no special abilities


You were on level 1 of the Dungeon.
You were not hungry.

You visited 1 branch of the dungeon, and saw 2 of its levels.

You collected 72 gold pieces.

Inventory:

Hand Weapons
 d - a +0 club
 i - a +0 dagger (weapon)
Missiles
 f - 226 stones (quivered)
Armour
 a - a +0 robe (worn)
Jewellery
 h - a +8 ring of strength {unknown}
Scrolls
 g - a scroll of identify {@r1}
Potions
 c - a potion of flight
Comestibles
 b - 3 chunks of flesh
 e - a ration {!d}


   Skills:
 - Level 1.7 Dodging
 - Level 2.0 Stealth
 - Level 2.0 Spellcasting
 + Level 1.7 Conjurations
 + Level 3.0 Air Magic


You had 4 spell levels left.
You knew the following spells:

 Your Spells              Type           Power        Failure   Level  Hunger
a - Shock                 Conj/Air       #....        8%          1    None

Your spell library contained the following spells:

 Spells                   Type           Power        Failure   Level  Hunger
 Swiftness                Chrm/Air       #.......     17%         2    ##.....
 Static Discharge         Air            ##......     19%         3    ####...
 Airstrike                Air            ##........   52%         4    ######.
 Lightning Bolt           Conj/Air       #.........   91%         5    #######


Dungeon Overview and Level Annotations

Branches:
Dungeon (2/12)

Altars:


Innate Abilities, Weirdness & Mutations

Your flesh is heat resistant. (rF+)


Message History

Press: ? - help, Shift-Dir - straight line, f - kobold
Aim: a kobold, wielding a +0 dagger You miscast Shock.
You are very lightly contaminated with residual magic.
Nothing appears to happen.
A leopard gecko comes into view.
Casting: Shock (safe; 8% risk of failure)
Confirm with . or Enter, or press ? or * to list all spells.
Aiming: Shock (safe; 8% risk of failure)
Press: ? - help, Shift-Dir - straight line, f/p - kobold
Aim: a kobold, wielding a +0 dagger The zap misses the kobold.
The hobgoblin shouts!
Casting: Shock (safe; 8% risk of failure)
Confirm with . or Enter, or press ? or * to list all spells.
Aiming: Shock (safe; 8% risk of failure)
Press: ? - help, Shift-Dir - straight line, f/p - kobold
Aim: a kobold, wielding a +0 dagger The zap hits the kobold.
The kobold is moderately wounded.
The zap misses the leopard gecko.
Casting: Shock (safe; 8% risk of failure)
Confirm with . or Enter, or press ? or * to list all spells.
Aiming: Shock (safe; 8% risk of failure)
Press: ? - help, Shift-Dir - straight line, f/p - kobold
Aim: a kobold, wielding a +0 dagger (moderately wounded)
The zap hits the kobold.
The kobold is heavily wounded.
The kobold hits you but does no damage.
Casting: Shock (safe; 8% risk of failure)
Confirm with . or Enter, or press ? or * to list all spells.
You don't have enough magic to cast that spell.
Casting: Shock (safe; 8% risk of failure)
Confirm with . or Enter, or press ? or * to list all spells.
You don't have enough magic to cast that spell.
The kobold hits you with a +0 dagger.
The hobgoblin hits you but does no damage.
The hobgoblin barely misses you.
Okay, then.
Casting: Shock (safe; 8% risk of failure)
Confirm with . or Enter, or press ? or * to list all spells.
Aiming: Shock (safe; 8% risk of failure)
Press: ? - help, Shift-Dir - straight line, f/p - kobold
Aim: a kobold, wielding a +0 dagger (moderately wounded)
The zap hits the kobold but does no damage.
The kobold is moderately wounded.
The zap hits the kobold.
You kill the kobold!
Casting: Shock (safe; 8% risk of failure)
Confirm with . or Enter, or press ? or * to list all spells.
You don't have enough magic to cast that spell.
Things that are here:
a +0 dagger; a kobold corpse You hit the hobgoblin.
The hobgoblin is lightly wounded.
The hobgoblin hits you but does no damage.
You hit the hobgoblin.
The hobgoblin is severely wounded.
The hobgoblin closely misses you.
Your magical contamination has completely faded away.
i - a +0 dagger The hobgoblin hits you with a cursed -1 club.
Wield which item (- for none, * to show all)? (? for menu, Esc to quit)
i - a +0 dagger (weapon)
You hit the hobgoblin but do no damage.
The hobgoblin is severely wounded.
The hobgoblin barely misses you.
You closely miss the hobgoblin.
The hobgoblin is severely wounded.
The hobgoblin hits you with a cursed -1 club.
You hit the hobgoblin.
You kill the hobgoblin!
You hit the leopard gecko.
The leopard gecko is lightly wounded.
The leopard gecko bites you but does no damage.
You barely miss the leopard gecko.
The leopard gecko is lightly wounded.
The leopard gecko bites you.
* * * LOW HITPOINT WARNING * * *
You barely miss the leopard gecko.
The leopard gecko is lightly wounded.
The leopard gecko bites you.
* * * LOW HITPOINT WARNING * * *
You hit the leopard gecko but do no damage.
The leopard gecko is lightly wounded.
The leopard gecko bites you.
* * * LOW HITPOINT WARNING * * *
The leopard gecko closely misses you.
Casting: Shock (safe; 8% risk of failure)
Confirm with . or Enter, or press ? or * to list all spells.
Aiming: Shock (safe; 8% risk of failure)
Press: ? - help, Shift-Dir - straight line, f - leopard gecko
Aim: a leopard gecko (lightly wounded, clinging)
You miscast Shock.
You are very lightly contaminated with residual magic.
You feel a strange surge of energy! The leopard gecko misses you.
You hit the leopard gecko.
The leopard gecko is almost dead.
The leopard gecko bites you.
You die...

.###...##..###
..###........##...#
..####)..#....#...# #
.).....#..........# .#
#...##÷...........##.##
###)#####.####..........
##.#.>...# #........#..
#.....####
#...#..#.......#
#.###..#
#.@.#..........# #.#
##.# ##l##..........#
##.## #.##
#†##.......... ....#
#..# ###)#.....#....
....# ##.#
#......#.....# ....# #.#
#.###..#.....## ....#
#.## #.# #..#.l....#
....# #..# #.#
##.#..##...# ....#
##.####.###.....#
#......


You could see a leopard gecko.

Vanquished Creatures
  A giant cockroach (D:1)
  4 hobgoblins (D:1)
  2 bats (D:1)
  4 kobolds
  A rat (D:1)
12 creatures vanquished.

Notes
Turn   | Place    | Note
-------+----------+-------------------------------------------
     0 | D:1      | MisterOstroum the Demonspawn Air Elementalist began the
                  | quest for the Orb.
     0 | D:1      | Reached XP level 1. HP: 13/13 MP: 3/3
   440 | D:1      | Reached skill level 3 in Air Magic
   440 | D:1      | Gained mutation: Your flesh is heat resistant. (rF+)
                  | [demonic ancestry]
   440 | D:1      | Reached XP level 2. HP: 14/19 MP: 0/5
   606 | D:1      | Slain by a leopard gecko

Skill      XL: |  1 |
---------------+----+-----
Air Magic      | 3 |  3.0
Dodging        | |  1.7
Stealth        | |  2.0
Spellcasting   | |  2.0
Conjurations   | |  1.7

Action                   || total
-------------------------++-------
Melee: Unarmed           ||    14
       Club              ||     6
       Dagger            ||     8
 Cast: Shock             ||    25
Armor: Robe              ||     6
Dodge: Dodged            ||    20
